Map: Ruines d’Endion

Players

zidar - Winner!

  • Race: Zerg Zerg
  • League: Gold
  • Spawn Location: 5:00

ZeroCool

  • Race: Protoss Protoss
  • League: Gold
  • Spawn Location: 7:00

VOD

Have the link to the VOD?

Description

Time

  • Played on: June 11, 2016, 9:13 a.m.
  • Length: 13:16
Show
View Real Time Build Order
Export as new Build Order

zidar Zerg - Winner!

Build Orders: Pool First 

Get SALT Encoding   

  12  0:01  Drone  
  13  0:12  Overlord  
  13  0:17  Drone  
  14  0:30  Drone x2  
  14  0:34  Drone  
  17  0:49  Spawning Pool  
  16  0:52  Drone  
  17  1:14  Hatchery  
  17  1:17  Drone  
  17  1:20  Extractor  
  17  1:22  Drone  
  17  1:32  Drone  
  18  1:42  Drone x2  
  18  1:45  Queen  
  22  2:03  Overlord x2  
  22  2:16  Extractor  
  22  2:18  Spore Crawler  
  22  2:21  Queen  
  23  2:40  Metabolic Boost  
  23  2:43  Zergling x10  
  28  3:02  Zergling x4  
  28  3:03  Zergling x6  
  33  3:17  Zergling x2  
  33  3:18  Zergling x4  
  36  3:37  Zergling x6  
  36  3:38  Zergling x6  
  42  3:54  Drone x2  
  31  4:33  Zergling x2  
  31  4:34  Zergling x14  
  33  5:12  Roach Warren, Drone  
  33  5:13  Drone x2  
  34  5:28  Drone x4  
  34  5:29  Drone x5  
  43  5:39  Lair, Extractor x2  
  43  5:40  Pneumatized Carapace  
  41  6:01  Overlord x2  
  41  6:02  Overlord  
  41  6:13  Drone x3  
  44  6:23  Queen  
  46  6:37  Drone x6  
  52  6:40  Drone x4  
  56  6:49  Roach x2  
  59  7:01  Overlord  
  59  7:02  Overlord x4  
  59  7:15  Roach  
  60  7:29  Roach x9  
  60  8:04  Roach x12  
  65  8:22  Roach x2  
  49  8:48  Roach x2  
  49  8:49  Roach x4  
  59  9:01  Roach  
  59  9:02  Roach  
  63  9:10  Roach  
  59  9:44  Ravager  
  59  9:45  Ravager  
  59  9:57  Hatchery  
  58  10:06  Roach x4, Hatchery  
  65  10:25  Roach  
  65  10:26  Roach  
  69  10:43  Roach  
  71  10:50  Overlord  
  71  11:19  Roach x6  
  71  11:22  Ravager x2  
  71  11:23  Ravager x4  
  71  11:24  Ravager  
  90  11:31  Overlord x3  
  90  11:40  Glial Reconstitution  
  90  11:49  Queen  
  92  12:06  Roach x3  
  92  12:07  Roach x6  
  110  12:43  Zergling x8  
  114  12:45  Overlord  
  114  12:46  Overlord x3  
Show
View Real Time Build Order
Export as new Build Order

ZeroCool Protoss 

Build Orders:  

Get SALT Encoding   

  12  0:02  Probe (Chrono Boost)  
  13  0:12  Probe (Chrono Boost)  
  14  0:23  Probe (Chrono Boost)  
  14  0:27  Pylon  
  15  0:45  Probe (Chrono Boost)  
  15  0:47  Gateway  
  15  0:49  Assimilator  
  16  0:54  Assimilator  
  16  0:56  Probe (Chrono Boost)  
  17  1:06  Probe (Chrono Boost)  
  18  1:17  Probe (Chrono Boost)  
  19  1:27  Probe (Chrono Boost)  
  20  1:36  Cybernetics Core  
  20  1:38  Probe (Chrono Boost), Pylon  
  21  1:48  Probe (Chrono Boost)  
  22  1:59  Probe (Chrono Boost)  
  23  2:09  Gateway  
  23  2:14  Gateway x2  
  23  2:16  Mothership Core (Chrono Boost)  
  23  2:20  Warp Gate (Chrono Boost)  
  25  2:34  Gateway  
  25  2:38  Pylon  
  25  3:04  Stalker x2  
  29  3:05  Stalker  
  29  3:08  Sentry  
  33  3:21  Pylon  
  33  3:26  Pylon  
  33  3:29  Pylon  
  33  3:31  Sentry  
  35  3:36  Sentry  
  35  3:37  Sentry  
  39  4:18  Adept x2  
  25  4:35  Adept  
  25  4:36  Adept x2  
  30  4:51  Probe  
  27  5:03  Probe  
  27  5:05  Pylon  
  28  5:08  Sentry x2  
  28  5:09  Sentry  
  34  5:22  Probe  
  35  5:29  Stalker  
  35  5:30  Stalker  
  35  5:34  Probe  
  40  5:36  Stalker x2  
  40  5:37  Stalker  
  46  5:46  Probe  
  47  5:59  Adept x3  
  47  6:01  Adept  
  55  6:42  Pylon  
  55  7:06  Pylon x2  
  55  7:16  Sentry x2  
  55  7:18  Adept  
  55  7:19  Adept x2  
  52  8:11  Sentry x5  
  52  8:51  Adept x4  
  52  8:52  Adept  
  52  9:05  Stalker x2  
  52  9:06  Stalker x3  
  34  9:49  Nexus  
  34  9:54  Adept x2  
  34  9:55  Adept x2, Pylon  
  34  9:57  Stalker  
  44  10:14  Robotics Facility  
  44  10:52  Adept x3  
  44  10:55  Stalker x2  
  54  11:02  Observer (Chrono Boost)  
  55  11:15  Sentry x2  
  59  11:20  Adept  
  59  11:21  Adept x2  
  65  11:35  Probe x2  
  67  11:47  Probe x2  
  69  11:59  Probe  
  70  12:07  Adept x4  
  78  12:40  Adept x2  
  78  12:41  Adept x3  
Tags
 
Add a new tag
Caveats
  • Supply blocks, unpowered buildings, or Contaminate may cause inaccurate times.
  • Supply counts are checked every 10 seconds.